 Dungeon Crawl Stone Soup version 0.19.0-24-gb05acd6 (webtiles) character file.

6237 equalderp2856 the Ripper (level 10, -4/44 HPs)
             Began as a Felid Fighter on Nov 21, 2016.
             Killed from afar by an efreet (17 damage)
             ... with a fireball
             ... on level 12 of the Dungeon.
             The game lasted 01:30:58 (25169 turns).

equalderp2856 the Ripper (Felid Fighter)           Turns: 25169, Time: 01:30:58

Health: -4/44      AC:  2    Str: 13    XL:     10   Next: 62%
Magic:  16/16      EV: 27    Int: 11    God:
Gold:   627        SH:  0    Dex: 17    Spells: 3 memorised, 13 levels left
                                        Lives:  0   Deaths: 2

rFire  + . .     SeeInvis +       - Unarmed
rCold  . . .     Gourm    .     (armour unavailable)
rNeg   . . .     Faith    .     (shield unavailable)
rPois  +         Spirit   .     (helmet unavailable)
rElec  .         Reflect  .     (cloak unavailable)
rCorr  .         Harm     .     (gloves unavailable)
MR     +....                    (boots unavailable)
Stlth  +++++.....               (no amulet)
                                m - ring of poison resistance
                                g - ring of protection from fire

@: quick
A: no armour, no weapons or thrown items, stealth, claws 1, fangs 3, see
invisible, carnivore 3, speed 1, shaggy fur 2, slow metabolism 1, sharp paws
a: no special abilities


You were on level 12 of the Dungeon.
You were not hungry.

You visited 2 branches of the dungeon, and saw 14 of its levels.
You also visited: Ossuary.

You collected 744 gold pieces.
You spent 117 gold pieces at shops.

Inventory:

Hand Weapons
 j - a +0 long sword
Missiles
 c - 22 bolts
 p - 75 arrows
 B - 5 curare-tipped needles
Armour
 s - a +0 chain mail
 Q - a +1 ring mail
Jewellery
 g - a ring of protection from fire (left paw)
 i - an uncursed ring of fire
 m - a ring of poison resistance (right paw)
 o - an uncursed ring of magical power
 r - an uncursed ring of teleportation
 y - an uncursed ring of flight {unknown}
 A - an uncursed amulet of rage {unknown}
 C - an uncursed amulet of regeneration {unknown}
 V - an uncursed ring of ice {unknown}
Wands
 l - a wand of polymorph (16/24)
 q - a wand of lightning (11/15)
 v - a wand of iceblast (9/15)
 x - a wand of disintegration (11/24)
 H - a wand of slowing (24/48)
 I - a wand of lightning (8/15)
 K - a wand of acid (5/15)
 N - a wand of polymorph (8/24)
 R - a wand of lightning (4/15)
Scrolls
 e - 10 scrolls of identify
 h - a scroll of fear
 u - 2 scrolls of recharging
 w - 8 scrolls of remove curse
 E - 2 scrolls of magic mapping
 G - a scroll of enchant weapon
 L - a scroll of summoning
 M - a scroll of fog
 S - a scroll of noise {unknown}
Potions
 a - 3 potions of might
 d - a potion of brilliance
 f - 2 potions of curing
 n - 3 potions of lignification
 t - a potion of beneficial mutation
 z - a potion of invisibility
 D - a potion of cure mutation
 P - 2 potions of degeneration
Books
 O - a book of Cantrips

   Spells                             Type                      Level
   a - Confusing Touch                Hexes                        1
   b - Animate Skeleton               Necromancy                   1
   c - Summon Small Mammal            Summoning                    1
   d - Apportation                    Translocation                1
 T - a book of Necromancy

   Spells                             Type                      Level
   a - Pain                           Necromancy                   1
   b - Animate Skeleton               Necromancy                   1
   c - Vampiric Draining              Necromancy                   3
   d - Regeneration                   Charms/Necromancy            3
   e - Animate Dead                   Necromancy                   4
   f - Control Undead                 Necromancy                   4
Comestibles
 b - 10 meat rations
 k - 2 bread rations
 J - 4 royal jellies
 U - a beef jerky


   Skills:
 + Level 5.1 Fighting
 + Level 11.3 Dodging
 + Level 11.7 Stealth
 + Level 16.6 Unarmed Combat
 + Level 3.6 Spellcasting
 + Level 2.2 Hexes
 + Level 2.1 Summonings
 + Level 1.2 Necromancy


You had 13 spell levels left.
You knew the following spells:

 Your Spells              Type           Power        Failure   Level  Hunger
a - Confusing Touch       Hex            #.....       12%         1    #......
b - Animate Skeleton      Necr           N/A          17%         1    #......
c - Summon Small Mammal   Summ           #...         12%         1    #......


Dungeon Overview and Level Annotations

Branches:
Dungeon (13/15)            Temple (1/1) D:6            Lair (0/6) D:8
    Orc (0/2) D:12
 Vaults: D:13-14

Altars:
Ashenzari
Cheibriados
Dithmenos
Elyvilon
Fedhas
Gozag
Kikubaaqudgha
Makhleb
Nemelex Xobeh
Okawaru
Qazlal
Ru
Sif Muna
Trog
Uskayaw
Vehumet
Xom
Yredelemnul
Zin
The Shining One

Shops:
D:5 [   D:6 ?   D:10 *!}


Innate Abilities, Weirdness & Mutations

You cannot wear armour.
You are incapable of wielding weapons or throwing items.
Your paws allow you to move quietly. (Stealth)
You have sharp claws.
You have razor-sharp teeth.
You have supernaturally acute eyesight. (SInv)
You are carnivorous and can eat meat at any time.
You cover ground quickly.
You are covered in thick fur. (AC +2)
You have a slow metabolism.
Your sharp claws are effective at attacking unaware monsters.


Message History

You bite the hill giant, but do no damage.
The hill giant is lightly wounded.
You catch the helpless hill giant completely off-guard!
You eviscerate the hill giant!!!
You kill the hill giant!
You see here a giant spiked club.
A gargoyle comes into view. It is wielding a morningstar.
The gargoyle moves out of view.
The efreet gestures at you.
The fireball explodes!
The fireball engulfs you! You resist. The efreet gestures at you.
The bolt of fire misses you.
The gargoyle hurls a stone arrow at you.
The stone arrow hits you!
* * * LOW HITPOINT WARNING * * *
Okay, then.
The gargoyle closely misses you. The efreet gestures at you.
The fireball explodes!
The fireball engulfs you! You resist.
You die...

# #..# #.....§....#
####..########....§.....#
.................R......#
........................#
......########..........#
......# #..........#
......# #.......[..#
......# #..........#
......# #..@>......#
......########9.........#
........................#
........................#
......########..........#
......# #..........#
......# #..........#
####..# #..........# #
#..# #......Y...#


You could see an efreet and a gargoyle.

Vanquished Creatures
  3 unseen horrors
  3 hill giants
  A manticore (D:11)
  A cyclops (D:12)
  Psyche (D:8)
  A tengu conjurer (D:12)
  3 trolls
  A hornet (D:11)
  A merfolk (D:10)
  A two-headed ogre (D:11)
  6 slime creatures
  3 hippogriffs
  The ghost of Erac the Magician, an amateur HECj of Vehumet (D:7)
  13 yaks
  A shadow (D:11)
  3 humans
  A basilisk (D:12)
  3 hungry ghosts
  2 soldier ants
  3 mottled dragons
  Duvessa (D:4)
  6 orc warriors
  5 ice beasts
  2 phantoms
  5 ogres
  2 necrophages (D:10)
  4 centaurs
  A crocodile (D:8)
  10 bullfrogs
  Dowan (D:4)
  A scorpion (D:4)
  2 troll zombies (D:12)
  11 wights
  6 crimson imps
  4 centaur zombies
  4 hounds
  2 centaur skeletons
  7 orc priests
  2 jellies (D:11)
  3 iguanas
  10 orc wizards
  12 worker ants
  3 ogre zombies (D:12)
  A hound zombie (D:6)
  8 mummies (Ossuary)
  A worker ant zombie (D:10)
  Robin (D:5)
  10 gnolls
  15 adders
  3 river rats (D:8)
  A shadow imp (D:11)
  An ooze (D:3)
  4 worms
  5 dart slugs
  6 leopard geckos
  41 orcs
  18 bats
  5 giant cockroaches
  4 gnoll zombies (Ossuary)
  20 goblins
  5 hobgoblins
  18 jackals
  3 quokkas
  2 ball pythons
  2 frilled lizards (D:2)
  A goblin zombie (D:12)
  A hobgoblin skeleton (D:12)
  3 hobgoblin zombies
  A jackal skeleton (D:6)
  5 kobolds
  2 kobold zombies (Ossuary)
  8 orc zombies
  14 rats
365 creatures vanquished.

Vanquished Creatures (collateral kills)
  A jackal (D:10)
1 creature vanquished.

Vanquished Creatures (others)
  An eye of draining (D:12)
  An ogre zombie (D:12)
  An adder (D:10)
  A goblin zombie (D:12)
  A hobgoblin zombie (D:12)
  2 orc skeletons (D:12)
  8 orc zombies (D:12)
  3 fungi (D:8)
18 creatures vanquished.

Grand Total: 384 creatures vanquished

Notes
Turn   | Place    | Note
-------+----------+-------------------------------------------
     0 | D:1      | equalderp2856 the Felid Fighter began the quest for the Orb.
     0 | D:1      | Reached XP level 1. HP: 10/10 MP: 2/2
   115 | D:1      | Reached XP level 2. HP: 12/14 MP: 3/3
   893 | D:1      | Reached XP level 3. HP: 17/17 MP: 4/4
  1023 | D:2      | Found a basalt altar of Yredelemnul.
  1417 | D:2      | Found an ancient bone altar of Kikubaaqudgha.
  1513 | D:2      | Reached skill level 1 in Stealth
  1677 | D:2      | Reached XP level 4. HP: 12/21 MP: 5/5
  2365 | D:3      | Reached skill level 5 in Unarmed Combat
  2470 | D:3      | Reached skill level 5 in Dodging
  2693 | D:3      | Reached XP level 5. HP: 24/24 MP: 6/6
  3992 | D:4      | Noticed Duvessa
  4314 | D:4      | Noticed Robin
  4559 | D:5      | Entered Level 5 of the Dungeon
  4657 | D:5      | Found Fany's Armour Emporium.
  4701 | D:5      | Gained mutation: You are covered in thick fur. (AC +2) [Felid growth]
  4701 | D:5      | Reached XP level 6. HP: 5/28 MP: 7/7
  5040 | D:5      | Reached skill level 6 in Unarmed Combat
  5096 | D:5      | Found a sand-covered staircase.
  5148 | Ossuary  | Entered an ossuary
  5775 | D:5      | Reached XP level 7. HP: 31/31 MP: 8/8
  5919 | D:5      | Identified a scroll of acquirement
  6168 | D:6      | Found a staircase to the Ecumenical Temple.
  6187 | Temple   | Entered the Ecumenical Temple
  6670 | D:6      | Reached skill level 7 in Unarmed Combat
  6954 | D:6      | Reached skill level 8 in Unarmed Combat
  7000 | D:6      | Found Xolagruje's Magic Scroll Emporium.
  7475 | D:6      | Found a shadowy altar of Dithmenos.
  7476 | D:6      | Found a radiant altar of Vehumet.
  7483 | D:6      | Reached skill level 9 in Unarmed Combat
  8006 | D:7      | Reached skill level 5 in Stealth
  8372 | D:7      | Reached XP level 8. HP: 27/34 MP: 9/9
  8481 | D:7      | Noticed Erac's ghost (amateur HECj)
  8648 | D:7      | Reached skill level 10 in Unarmed Combat
  8735 | D:7      | Found a snail-covered altar of Cheibriados.
  9790 | D:7      | Reached skill level 11 in Unarmed Combat
  9824 | D:8      | Noticed a hippogriff
  9826 | D:8      | Killed a hippogriff
  9889 | D:8      | Reached skill level 12 in Unarmed Combat
  9920 | D:8      | Found an iron altar of Okawaru.
 10260 | D:8      | Reached XP level 9. HP: 38/38 MP: 10/10
 10305 | D:8      | Noticed Psyche
 10599 | D:8      | Found a shattered altar of Ashenzari.
 10637 | D:8      | Noticed a hill giant
 10798 | D:9      | Found a deep blue altar of Sif Muna.
 11050 | D:9      | Noticed a troll
 11063 | D:9      | Killed a troll
 11063 | D:9      | Reached skill level 13 in Unarmed Combat
 11442 | D:8      | You fall through a shaft!
 11844 | D:5      | Killed Robin
 12209 | D:4      | Noticed Dowan
 12223 | D:4      | Killed Duvessa
 12236 | D:4      | Killed Dowan
 13253 | D:6      | Learned a level 1 spell: Confusing Touch
 13255 | D:6      | Learned a level 1 spell: Animate Skeleton
 13257 | D:6      | Learned a level 1 spell: Summon Small Mammal
 13407 | D:7      | Killed Erac's ghost
 13407 | D:7      | Reached skill level 14 in Unarmed Combat
 14363 | D:8      | Killed Psyche
 14363 | D:8      | Reached XP level 10. HP: 20/43 MP: 11/11
 14683 | D:8      | Found a staircase to the Lair.
 14978 | D:10     | Entered Level 10 of the Dungeon
 15434 | D:10     | Reached skill level 1 in Spellcasting
 15550 | D:10     | Noticed a hill giant
 15596 | D:10     | Found Peivepi's Distillery.
 15656 | D:10     | Killed a hill giant
 15658 | D:10     | Reached skill level 1 in Summonings
 15704 | D:10     | Bought a potion of lignification for 39 gold pieces
 15704 | D:10     | Bought a potion of degeneration for 13 gold pieces
 15728 | D:10     | Noticed an unseen horror
 15887 | D:10     | Reached skill level 1 in Hexes
 16002 | D:10     | Found Fiummad's Gadget Emporium.
 16238 | D:10     | Killed an unseen horror
 16238 | D:10     | Reached skill level 15 in Unarmed Combat
 16280 | D:10     | Found Zextahil's Assorted Antiques.
 16679 | D:10     | Bought a potion of heal wounds for 65 gold pieces
 16788 | D:10     | Gained mutation: Your flesh is cold resistant. (rC+) [potion of beneficial mutation]
 16803 | D:10     | Lost mutation: Your flesh is cold resistant. (rC+) [potion of mutation]
 16803 | D:10     | Gained mutation: You are frail. (-10% HP) [potion of mutation]
 16826 | D:10     | Lost mutation: You are frail. (-10% HP) [potion of cure mutation]
 17233 | D:11     | Reached skill level 10 in Stealth
 17276 | D:11     | Reached skill level 10 in Dodging
 17756 | D:11     | Noticed a manticore
 17768 | D:11     | Killed a manticore
 17768 | D:11     | Reached XP level 11. HP: 25/46 MP: 16/16
 18681 | D:11     | Found a glowing golden altar of the Shining One.
 19128 | D:12     | Noticed a hill giant
 19166 | D:12     | Noticed a hill giant
 19460 | D:12     | Killed a hill giant
 20295 | D:12     | Noticed an unseen horror
 20340 | D:11     | Killed an unseen horror
 20429 | D:11     | Reached skill level 16 in Unarmed Combat
 20685 | D:11     | Slain by a yak
 20686 | D:11     | Reached XP level 10. HP: -5/43 MP: 15/15
 21985 | D:12     | Noticed a hill giant
 22123 | D:11     | Noticed an unseen horror
 22152 | D:11     | Killed an unseen horror
 22152 | D:11     | Reached skill level 1 in Necromancy
 22152 | D:11     | Reached XP level 11. HP: 31/46 MP: 16/16
 22170 | D:11     | Noticed an ettin
 23089 | D:12     | Noticed a hill giant
 24141 | D:12     | Noticed a seven-headed hydra
 24396 | D:12     | Slain by a seven-headed hydra
 24397 | D:12     | Reached XP level 10. HP: -5/43 MP: 16/16
 24805 | D:13     | Noticed a six-headed hydra
 24816 | D:13     | Noticed a seven-headed hydra
 24978 | D:12     | Found a staircase to the Orcish Mines.
 25012 | D:12     | Reached skill level 5 in Fighting
 25139 | D:12     | Killed a hill giant
 25160 | D:12     | Noticed a gargoyle
 25169 | D:12     | Killed from afar by an efreet

Skill      XL: |  1  2  3  4  5  6  7  8  9 10 11 |
---------------+----------------------------------+-----
Stealth        | 1 3 4 5 7 8 10 11 | 11.7
Unarmed Combat | 5 6 9 12 14 15 16 | 16.6
Dodging        | 5 6 7 9 11 | 11.3
Fighting       | 4 5 |  5.1
Spellcasting   | 3 |  3.6
Summonings     | 2 |  2.1
Hexes          | 2 |  2.2
Necromancy     | 1 |  1.2

Action                   |  1- 3 |  4- 6 |  7- 9 | 10-12 || total
-------------------------+-------+-------+-------+-------++-------
Melee: Unarmed           |   107 |   219 |   333 |   557 ||  1216
       Bite              |     7 |    32 |    42 |    73 ||   154
       Punch             |     1 |     8 |    17 |    40 ||    66
 Cast: Summon Small Mamm |       |       |       |    19 ||    19
       Confusing Touch   |       |       |       |     9 ||     9
       Animate Skeleton  |       |       |       |     7 ||     7
  Use: Scroll            |       |     5 |     9 |     1 ||    15
       Potion            |       |       |     3 |    13 ||    16
 Stab: Sleeping          |     7 |     5 |    13 |    17 ||    42
       Distracted        |       |     1 |     4 |     2 ||     7
       Confused          |       |       |       |     6 ||     6
  Eat: Chunk             |     9 |     8 |    19 |    24 ||    60
       Beef jerky        |       |       |     1 |       ||     1
Armor: Skin              |     3 |     8 |    22 |    13 ||    46
Dodge: Dodged            |    87 |   138 |   321 |   401 ||   947
